Workbook

Sheet Instructions
D3: #VALUE!
C8: What is this?
C9: The Schedule C Workbook is for Self-Employed Businesses and/or Independent Contractors. The IRS requires that I have on file your own information to support all Schedule C's.
C11: How do I fill it out?
D12: Step 1 | E12: In the second tab in this workbook (Sch C Info.), you'll fill out your business information and answer a couple questions about Form 1099.
D14: Step 2 | E14: In the third tab (Income), please enter your income for each month, separated by the categories in the first column (Reported Income, Other Income, etc.). The totals will automatically be calculated by the workbook.
D16: Step 3 | E16: In the fourth tab (Expenses), first select the relevant category in the first column by clicking the drop-down for each cell. Then enter your expenses for each month (as positive amounts), separated by the chosen categories. There is an Additional Expenses section below for expenses not included on Schedule C, but instead appear on Schedule 1.
D18: Step 4 | E18: If you have a home office, please fill out the fifth tab (Home Office Deduction). First, enter the area of your office, followed by the total area of your home at the top of the page. Then, enter your expenses for each month (as positive amounts), separated by the categories in the first column (Insurance, Mortgage Interest, Etc.). Please enter the total amount for your home, and the workbook will automatically calculate the percentage for your business.
D20: Step 5 | E20: In the sixth and final tab (Sch C Summary), you'll find a summary of the information you've filled out in the third, fourth, and fifth tabs of the workbook. You do not need to fill out anything in the sixth tab.

Sheet Sch C Info.
A1: Business Name | B1: Enter Name Here
A2: Business EIN (if applicable)
A3: Business Phone # (if applicable)
A4: Type of Business
A5: Description of Business
A6: Business Address (if different)
A8: Did you make any payments in 2025 that would require you to file Form(s) 1099? Form 1099 is required for any payment to a service provider in the amount of $600+
A9: If yes, did you file Form(s) 1099?

Sheet Income
A1: ='Sch C Info.'!B1 -> Enter Name Here
A2: Tax Year 2025
B5: January | C5: February | D5: March | E5: April | F5: May | G5: June | H5: July | I5: August | J5: September | K5: October | L5: November | M5: December | N5: total (per month)
A6: Income Reported on 1099s | N6: =SUM(B6:M6) -> 0
A7: Income Not on 1099s | N7: =SUM(B7:M7) -> 0
A8: Other Income | N8: =SUM(B8:M8) -> 0
A9: Client # | N9: =SUM(B9:M9) -> 0
A10: Client # | N10: =SUM(B10:M10) -> 0
A11: Client # | N11: =SUM(B11:M11) -> 0
A12: Client # | N12: =SUM(B12:M12) -> 0
N13: =SUM(B13:M13) -> 0
N14: =SUM(B14:M14) -> 0
B15: =SUM(B6:B14) -> 0 | C15: =SUM(C6:C14) -> 0 | D15: =SUM(D6:D14) -> 0 | E15: =SUM(E6:E14) -> 0 | F15: =SUM(F6:F14) -> 0 | G15: =SUM(G6:G14) -> 0 | H15: =SUM(H6:H14) -> 0 | I15: =SUM(I6:I14) -> 0 | ... M15: =SUM(M6:M14) -> 0 | N15: =SUM(B15:M15) -> 0 | O15: total (year horizontal) | P15: flows to Sch E Summary
N16: =SUM(N6:N14) -> 0 | O16: total (year vertical)
N17: =N15-N16 -> 0 | O17: check

Sheet Expenses
A1: ='Sch C Info.'!B1 -> Enter Name Here | C1: *enter as positive amounts
A2: =Income!A2 -> Tax Year 2025
B5: January | C5: February | D5: March | E5: April | F5: May | G5: June | H5: July | I5: August | J5: September | K5: October | L5: November | M5: December | N5: total (per month)
A6: Administrative Expenses | N6: =SUM(B6:M6) -> 0
A7: Bank Fees | N7: =SUM(B7:M7) -> 0
A8: Dues & Subscriptions | N8: =SUM(B8:M8) -> 0
A9: Legal & Professional Fees | N9: =SUM(B9:M9) -> 0
A10: Supplies | N10: =SUM(B10:M10) -> 0
A11: Telephone | N11: =SUM(B11:M11) -> 0
A12: Licenses & Permits | N12: =SUM(B12:M12) -> 0
A13: Advertising | N13: =SUM(B13:M13) -> 0
A14: Continuing Education | N14: =SUM(B14:M14) -> 0
A15: Gifts | N15: =SUM(B15:M15) -> 0
A16: Business Insurance | N16: =SUM(B16:M16) -> 0
N17: =SUM(B17:M17) -> 0
B18: =SUM(B6:B17) -> 0 | C18: =SUM(C6:C17) -> 0 | D18: =SUM(D6:D17) -> 0 | E18: =SUM(E6:E17) -> 0 | F18: =SUM(F6:F17) -> 0 | G18: =SUM(G6:G17) -> 0 | H18: =SUM(H6:H17) -> 0 | I18: =SUM(I6:I17) -> 0 | ... M18: =SUM(M6:M17) -> 0 | N18: =SUM(B18:M18) -> 0 | O18: total (year horizontal) | P18: flows to Sch E Summary
N19: =SUM(N6:N17) -> 0 | O19: total (year vertical)
N20: =N18-N19 -> 0 | O20: check
A23: Additional Expenses - Not Included on Schedule C
B24: January | C24: February | D24: March | E24: April | F24: May | G24: June | H24: July | I24: August | J24: September | K24: October | L24: November | M24: December | N24: total (per month)
A25: Health Insurance Premiums | N25: =SUM(B25:M25) -> 0 | O25: reported on Schedule 1, Line 17
A26: Health Savings Deduction (HSA Contributions) | N26: =SUM(B26:M26) -> 0 | O26: reported on Schedule 1, Line 13
A27: Retirement Savings Deduction (SEP, SIMPLE plans) | N27: =SUM(B27:M27) -> 0 | O27: reported on Schedule 1, Line 16 (limitations apply)
A28: Student Loan Interest | N28: =SUM(B28:M28) -> 0 | O28: reported on Schedule 1, Line 21 (limitations apply)
A44: Expenses
A45: Administrative Expenses
A46: Advertising
A47: Bank Fees
A48: Business Insurance
A49: Business Interest
A50: Commission Fees
A51: Continuing Education
A52: Contract Labor
A53: Dues & Subscriptions
A54: Expense #
A55: Gifts
... A69: Website & Software Fees

Sheet Home Office Deduction
A1: ='Sch C Info.'!B1 -> Enter Name Here | C1: *enter as positive amounts | G1: Part of Your Home Used for Business
A2: =Income!A2 -> Tax Year 2025 | G2: 0 | H2: Area Used for Business (sq. ft.)
G3: 0 | H3: Total Area of Home (sq. ft.)
G4: =IFERROR(G2/G3,0) -> 0 | H4: Business %
B7: January | C7: February | D7: March | E7: April | F7: May | G7: June | H7: July | I7: August | J7: September | K7: October | L7: November | M7: December | N7: total (per month)
A8: Insurance | N8: =SUM(B8:M8) -> 0
A9: Mortgage Interest | N9: =SUM(B9:M9) -> 0
A10: Property Taxes | N10: =SUM(B10:M10) -> 0
A11: Rent | N11: =SUM(B11:M11) -> 0
A12: Utilities | N12: =SUM(B12:M12) -> 0
A13: Expense # | N13: =SUM(B13:M13) -> 0
A14: Expense # | N14: =SUM(B14:M14) -> 0
N15: =SUM(B15:M15) -> 0
N16: =SUM(B16:M16) -> 0
B17: =SUM(B8:B16) -> 0 | C17: =SUM(C8:C16) -> 0 | D17: =SUM(D8:D16) -> 0 | E17: =SUM(E8:E16) -> 0 | F17: =SUM(F8:F16) -> 0 | G17: =SUM(G8:G16) -> 0 | H17: =SUM(H8:H16) -> 0 | I17: =SUM(I8:I16) -> 0 | ... M17: =SUM(M8:M16) -> 0 | N17: =SUM(B17:M17) -> 0 | O17: total (year horizontal)
N18: =SUM(N8:N16) -> 0 | O18: total (year vertical)
N19: =N17-N18 -> 0 | O19: check
A21: Business % | B21: =G4 -> 0
A22: Total Expenses | B22: =N17 -> 0
A23: Home Office Deduction | B23: =B21*B22 -> 0 | C23: flows to Sch E Summary
A41: Expenses
A42: Expense #
A43: Insurance
A44: Mortgage Interest
A45: Property Taxes
A46: Rent
A47: Repairs & Maintenance
A48: Utilities

Sheet Sch C Summary
D3: #VALUE!
C8: ='Sch C Info.'!B1 -> Enter Name Here
C9: =Income!A2 -> Tax Year 2025
C11: INCOME
C12: Gross Receipts | F12: =Income!N15 -> 0 | G12: workpaper calculation
C13: Returns & Allowances | G13: if applicable, please reach out for additional information
C14: Cost of Goods Sold | G14: if applicable, please reach out for additional information
C15: Gross Income | F15: =F12+D13+D14 -> 0
C17: EXPENSES
C18: Total | F18: =Expenses!N18 -> 0 | G18: workpaper calculation
C20: Tentative Profit | F20: =F15-F18 -> 0
C21: Home Office Deduction | F21: ='Home Office Deduction'!B23 -> 0 | G21: workpaper calculation
C23: NET PROFIT / (LOSS) | F23: =F20-F21 -> 0
